 Dungeon Crawl Stone Soup version 0.22-a0-166-g5351223 (webtiles) character file.

533 Azzok the Sneak (level 7, -1/51 HPs)
             Began as a Gnoll Enchanter on Feb 13, 2018.
             Slain by a wight
             ... wielding a cursed +5 dagger
              (12 damage)
             ... in an ossuary.
             The game lasted 00:10:29 (4972 turns).

Azzok the Sneak (Gnoll Enchanter)                   Turns: 4972, Time: 00:10:31

Health: -1/51      AC:  2    Str: 10    XL:     7   Next: 24%
Magic:  10/15      EV: 14    Int: 20    God:
Gold:   189        SH:  0    Dex: 15    Spells: 8/17 levels left

rFire    . . .     SeeInvis .   b - +0 falchion (elec)
rCold    + . .     Gourm    .   (no shield)
rNeg     . . .     Faith    .   r - +0 robe {rC+}
rPois    .         Spirit   .   (no helmet)
rElec    .         Reflect  .   (no cloak)
rCorr    .         Harm     .   (no gloves)
MR       .....                  (no boots)
Stlth    +++.......             (no amulet)
HPRegen  0.17/turn              e - ring of wizardry
MPRegen  0.14/turn              (no ring)

@: drained
A: distributed training, fangs 1, strong nose
a: no special abilities


You were in an ossuary.
You were not hungry.

You visited 1 branch of the dungeon, and saw 5 of its levels.
You also visited: Ossuary.

You collected 189 gold pieces.

Inventory:

Hand Weapons
 a - a +1 dagger
 b - a +0 falchion of electrocution (weapon)
 g - a +0 dagger of speed
 x - a +1 short sword of venom
Armour
 r - a +0 robe of cold resistance (worn)
Jewellery
 e - a ring of wizardry (left hand)
 A - an uncursed amulet of the acrobat {unknown}
 C - a +2 ring of intelligence {unknown}
Scrolls
 f - 3 scrolls of fog {unknown}
 h - 4 scrolls of identify {unknown}
 i - 2 scrolls of fear {unknown}
 k - a scroll of teleportation {unknown}
 m - 5 scrolls of remove curse {unknown}
 p - a scroll of enchant weapon {unknown}
 t - a scroll of blinking {unknown}
 w - 3 scrolls of magic mapping {unknown}
 y - a scroll of random uselessness {unknown}
Potions
 j - 2 potions of brilliance {unknown}
 l - a potion of flight {unknown}
 n - a potion of resistance {unknown}
 o - a potion of magic {unknown}
 q - a potion of degeneration {unknown}
 s - 2 potions of might {unknown}
 u - a potion of ambrosia {unknown}
 v - a potion of heal wounds {unknown}
 z - a potion of lignification {unknown}
Books
 c - a book of Maledictions

   Spells                             Type                      Level
   a - Corona                         Hexes                        1
   b - Ensorcelled Hibernation        Hexes/Ice                    2
   c - Confuse                        Hexes                        3
   d - Tukima's Dance                 Hexes                        3
   e - Dazzling Spray                 Conjuration/Hexes            3
Comestibles
 d - 16 rations
 B - 6 chunks of flesh


   Skills:
 + Level 2.3(1.5) Fighting
 + Level 3.5(2.6) Short Blades
 + Level 2.3(1.5) Long Blades
 + Level 2.3(1.5) Axes
 + Level 2.3(1.5) Maces & Flails
 + Level 2.3(1.5) Polearms
 + Level 2.3(1.5) Staves
 + Level 2.3(1.5) Slings
 + Level 2.3(1.5) Bows
 + Level 2.3(1.5) Crossbows
 + Level 2.3(1.5) Throwing
 + Level 2.3(1.5) Armour
 + Level 5.1(4.2) Dodging
 + Level 6.4(5.5) Stealth
 + Level 2.3(1.5) Shields
 + Level 2.3(1.5) Unarmed Combat
 + Level 5.5(4.6) Spellcasting
 + Level 1.9(1.0) Conjurations
 + Level 5.8(4.8) Hexes
 + Level 1.9(1.0) Charms
 + Level 1.9(1.0) Summonings
 + Level 1.9(1.0) Necromancy
 + Level 1.9(1.0) Translocations
 + Level 1.9(1.0) Transmutations
 + Level 1.9(1.0) Fire Magic
 + Level 1.9(1.0) Ice Magic
 + Level 1.9(1.0) Air Magic
 + Level 1.9(1.0) Earth Magic
 + Level 1.9(1.0) Poison Magic
 + Level 2.5(1.7) Invocations
 + Level 2.3(1.5) Evocations


You had 8 spell levels left.
You knew the following spells:

 Your Spells              Type           Power        Failure   Level  Hunger
a - Corona                Hex            ###....      1%          1    None
b - Ensorcelled Hibernat  Hex/Ice        ###...       2%          2    #......
c - Confuse               Hex            ###.....     1%          3    ##.....
d - Dazzling Spray        Conj/Hex       ###...       4%          3    ##.....


Dungeon Overview and Level Annotations

Branches:
Dungeon (5/15)
 Temple: D:4-7

Altars:
Cheibriados
Okawaru
Uskayaw
Wu Jian
Xom


Innate Abilities, Weirdness & Mutations

Your experience applies equally to all skills.
You have very sharp teeth.
Your uncanny sense of smell can sniff out nearby items.


Message History

The wight resists with significant effort.
The wight closely misses you.
You hit the wight but do no damage.
The wight hits you with an enchanted dagger!
You hear the crackle of electricity.
b - a +0 falchion of electrocution (weapon)
You hit the wight but do no damage. You bite the wight, but do no damage.
The wight hits you with an enchanted dagger.
You feel drained.
You barely miss the wight.
The wight hits you with an enchanted dagger!
The wight hits you with an enchanted dagger.
You barely miss the wight.
The wight hits you with an enchanted dagger!
* * * LOW HITPOINT WARNING * * *
You feel drained.
* * * LOW HITPOINT WARNING * * *
You barely miss the wight.
The wight hits you with an enchanted dagger!
You die...

▒▒▒▒▒ ▒▒···▒▒ ▒▒·····▒▒
▒·▒▒····▒▒▒▒▒▒▒▒▒
▒·▒······▒▒·▒·▒·▒
▒▒·▒▒······▒'▒'▒z▒╬▒╬▒▒
▒··▒·······'···@······╬
▒··········▒'▒'▒╬▒╬▒╬▒▒
▒▒········▒▒·▒·▒
▒▒······▒▒▒▒▒▒▒
▒▒▒···▒▒ ▒▒···▒ ▒··▒▒▒
▒·▒▒ ▒▒·▒▒


You could see a wight.

Vanquished Creatures
  An ogre (D:4)
  2 scorpions (D:5)
  A crimson imp (D:5)
  3 hounds
  An orc priest (D:5)
  A worker ant (D:5)
  5 adders
  An ooze (D:1)
  An adder zombie (Ossuary)
  2 adder skeletons (D:4)
  A worm (D:4)
  A dart slug (D:4)
  3 leopard geckos
  14 orcs
  A ball python (D:3)
  9 bats
  5 giant cockroaches
  6 goblins
  7 hobgoblins
  5 jackals
  2 quokkas
  2 ball python skeletons
  5 frilled lizards
  A hobgoblin zombie (Ossuary)
  9 kobolds
  A leopard gecko skeleton (D:4)
  A quokka skeleton (D:4)
  9 rats
100 creatures vanquished.

Notes
Turn   | Place    | Note
-------+----------+-------------------------------------------
     0 | D:1      | Azzok the Gnoll Enchanter began the quest for the Orb.
     0 | D:1      | Reached XP level 1. HP: 13/13 MP: 6/6
   170 | D:1      | Reached XP level 2. HP: 19/19 MP: 5/7
  1257 | D:2      | Reached XP level 3. HP: 20/25 MP: 7/9
  1430 | D:2      | Reached skill level 6 in Stealth
  1430 | D:2      | Reached skill level 5 in Spellcasting
  1612 | D:2      | Reached skill level 1 in Invocations
  1883 | D:2      | Reached skill level 1 in Fighting
  1883 | D:2      | Reached skill level 1 in Long Blades
  1883 | D:2      | Reached skill level 1 in Axes
  1883 | D:2      | Reached skill level 1 in Maces & Flails
  1883 | D:2      | Reached skill level 1 in Polearms
  1883 | D:2      | Reached skill level 1 in Staves
  1883 | D:2      | Reached skill level 1 in Slings
  1883 | D:2      | Reached skill level 1 in Bows
  1883 | D:2      | Reached skill level 1 in Crossbows
  1883 | D:2      | Reached skill level 1 in Throwing
  1883 | D:2      | Reached skill level 1 in Armour
  1883 | D:2      | Reached skill level 1 in Shields
  1883 | D:2      | Reached skill level 1 in Unarmed Combat
  1883 | D:2      | Reached skill level 1 in Evocations
  2171 | D:2      | Reached XP level 4. HP: 31/32 MP: 9/11
  2405 | D:2      | Found an ornate altar of the Wu Jian Council.
  2407 | D:2      | Found a shimmering altar of Xom.
  2410 | D:2      | Found a snail-covered altar of Cheibriados.
  2410 | D:2      | Found a hide-covered altar of Uskayaw.
  2414 | D:2      | Found an iron altar of Okawaru.
  2927 | D:3      | Learned a level 2 spell: Ensorcelled Hibernation
  2931 | D:3      | Learned a level 3 spell: Confuse
  2935 | D:3      | Learned a level 3 spell: Dazzling Spray
  3067 | D:3      | Reached skill level 1 in Conjurations
  3067 | D:3      | Reached skill level 1 in Charms
  3067 | D:3      | Reached skill level 1 in Summonings
  3067 | D:3      | Reached skill level 1 in Necromancy
  3067 | D:3      | Reached skill level 1 in Translocations
  3067 | D:3      | Reached skill level 1 in Transmutations
  3067 | D:3      | Reached skill level 1 in Fire Magic
  3067 | D:3      | Reached skill level 1 in Ice Magic
  3067 | D:3      | Reached skill level 1 in Air Magic
  3067 | D:3      | Reached skill level 1 in Earth Magic
  3067 | D:3      | Reached skill level 1 in Poison Magic
  3489 | D:4      | Noticed an ogre
  3492 | D:4      | Killed an ogre
  3492 | D:4      | Reached XP level 5. HP: 37/37 MP: 12/12
  3713 | D:4      | Found an iron altar of Okawaru.
  3720 | D:4      | Reached XP level 6. HP: 42/44 MP: 10/13
  4527 | D:5      | Entered Level 5 of the Dungeon
  4616 | D:5      | Reached skill level 5 in Dodging
  4720 | D:5      | Reached XP level 7. HP: 43/50 MP: 10/15
  4910 | D:5      | Found a sand-covered staircase.
  4915 | Ossuary  | Entered an ossuary
  4972 | Ossuary  | Slain by a wight

Vault maps used:
D:1:      lemuel_arrival_cross
D:2:      minitemple
D:3:      first_ration
D:4:      okawaru_gym_becter
D:5:      nicolae_ossuary_entry_plus, serial_park_tiny_1
Ossuary:  ossuary_due_cavern

Skill      XL: |  1  2  3  4  5  6 |
---------------+-------------------+-----
Stealth        | 6 |  6.4
Spellcasting   | 5 |  5.5
Invocations    | 1 2 |  2.5
Fighting       | 1 2 |  2.3
Long Blades    | 1 2 |  2.3
Axes           | 1 2 |  2.3
Maces & Flails | 1 2 |  2.3
Polearms       | 1 2 |  2.3
Staves         | 1 2 |  2.3
Slings         | 1 2 |  2.3
Bows           | 1 2 |  2.3
Crossbows      | 1 2 |  2.3
Throwing       | 1 2 |  2.3
Armour         | 1 2 |  2.3
Shields        | 1 2 |  2.3
Unarmed Combat | 1 2 |  2.3
Evocations     | 1 2 |  2.3
Conjurations   | 1 |  1.9
Charms         | 1 |  1.9
Summonings     | 1 |  1.9
Necromancy     | 1 |  1.9
Translocations | 1 |  1.9
Transmutations | 1 |  1.9
Fire Magic     | 1 |  1.9
Ice Magic      | 1 |  1.9
Air Magic      | 1 |  1.9
Earth Magic    | 1 |  1.9
Poison Magic   | 1 |  1.9
Short Blades   | 3 |  3.5
Dodging        | 5 |  5.1
Hexes          | |  5.8

Action                   |  1- 3 |  4- 6 |  7- 9 || total
-------------------------+-------+-------+-------++-------
Melee: Dagger            |   122 |    93 |    13 ||   228
       Bite              |     4 |     7 |     2 ||    13
       Punch             |       |     1 |       ||     1
       Short sword       |       |     3 |       ||     3
       Falchion          |       |    32 |     4 ||    36
 Cast: Corona            |    16 |     6 |       ||    22
       Ensorcelled Hiber |       |    17 |     8 ||    25
       Confuse           |       |     3 |     2 ||     5
 Stab: Sleeping          |     6 |    28 |     8 ||    42
       Distracted        |     1 |       |       ||     1
       Confused          |       |     3 |       ||     3
  Eat: Chunk             |     4 |     8 |     1 ||    13
Armor: Robe              |    22 |    12 |     1 ||    35
Dodge: Dodged            |   103 |    86 |     7 ||   196
       Rpst.: Falchion   |       |    12 |       ||    12

Table legend:
 A = Spawn XP
 B = Non-spawn XP
 C = Spawn XP percentage of total XP
 D = Spawn monster count
 E = Non-spawn monster count
 F = Spawn count percentage of total count
 G = Total turns spent on level
                    A         B        C        D         E        F      G
               +---------+---------+-------+---------+---------+-------+---------
         Total |       0 |     762 |   0.0 |       0 |     100 |   0.0 |  4972
               +---------+---------+-------+---------+---------+-------+---------
           D:1 |       0 |      29 |   0.0 |       0 |      17 |   0.0 |  1212
           D:2 |       0 |      60 |   0.0 |       0 |      22 |   0.0 |  1356
           D:3 |       0 |      52 |   0.0 |       0 |      22 |   0.0 |   921
           D:4 |       0 |     231 |   0.0 |       0 |      22 |   0.0 |  1038
           D:5 |       0 |     382 |   0.0 |       0 |      14 |   0.0 |   388
       Ossuary |       0 |       8 |   0.0 |       0 |       3 |   0.0 |    57
               +---------+---------+-------+---------+---------+-------+---------
